 Dungeon Crawl Stone Soup version 0.26.1-10-gdfb7c7de75 (webtiles) character file.

Game seed: 1828172184756942475

2597610 Maplein the Conqueror (level 27, 268/298 HPs)
             Began as a Deep Dwarf Gladiator on Apr 5, 2021.
             Was the Champion of Makhleb.
             Escaped with the Orb
             ... and 4 runes on Apr 6, 2021!
             The game lasted 05:03:31 (63601 turns).

Maplein the Conqueror (Deep Dwarf Gladiator)       Turns: 63601, Time: 05:03:32

Health: 268/298    AC: 44    Str: 27    XL:     27
Magic:  28/28      EV: 19    Int: 10    God:    Makhleb [******]
Gold:   5657       SH: 32    Dex: 19    Spells: 26/26 levels left

rFire    + + +     SeeInvis .   a - +9 broad axe (spect)
rCold    + + .     Faith    .   S - +0 tower shield
rNeg     + . .     Spirit   .   Y - +5 gold dragon scales
rPois    +         Reflect  +   R - +2 hat
rElec    +         Harm     .   r - +2 cloak {Will+}
rCorr    +         Rampage  .   P - +2 pair of gloves
Will     +++++     Clarity  +   T - +1 pair of boots of Golden Awe {rCorr Dex+4}
Stlth    ..........             h - amulet of the Frog {Reflect rElec rC+ Int-2 SH+5}
HPRegen  0.00/turn              D - ring of protection from fire
MPRegen  0.21/turn              n - ring of protection from fire

@: non-regenerating
A: damage resistance, heal wounds, antennae 1, fangs 1, iridescent scales 1,
thin metallic scales 1, clarity, clever 1, clumsy 1, deterioration 2,
strong-willed 1, negative energy resistance 1, sense surroundings 3, poison
resistance, no regeneration
0: Orb of Zot
}: 4/15 runes: decaying, serpentine, slimy, silver
a: Heal Wounds, Renounce Religion, Minor Destruction, Lesser Servant of Makhleb,
Major Destruction, Greater Servant of Makhleb


You escaped.
You worshipped Makhleb.
Makhleb was exalted by your worship.
You visited 12 branches of the dungeon, and saw 58 of its levels.
You visited 1 bazaar.
You also visited: Ice Cave and Volcano.

You collected 10779 gold pieces.
You spent 5122 gold pieces at shops.

Inventory:

Hand Weapons
 a - a +9 spectral broad axe (weapon)
 G - the +10 war axe "Noll" {flame, Dex+3}
   (You found it on level 1 of the Depths)

   It has been specially enchanted to burn those struck by it, causing extra
   injury to most foes and up to half again as much damage against particularly
   susceptible opponents.
   Big, fiery blades are also staple armaments of hydra-hunters.
   It affects your dexterity (+3).
Missiles
 p - 27 boomerangs (quivered)
 B - 5 throwing nets {=F}
 K - 21 boomerangs of dispersal
Armour
 r - a +2 cloak of willpower (worn)
 u - a +2 helmet of see invisible
 P - a +2 pair of gloves (worn)
 R - a +2 hat (worn)
 S - a +0 tower shield (worn)
 T - the +1 pair of boots of Golden Awe (worn) {rCorr Dex+4}
   (You found it on level 3 of the Crypt)

   It affects your dexterity (+4).
   It provides partial protection from all sources of acid and corrosion.
 Y - +5 gold dragon scales (worn)
Jewellery
 h - the amulet of the Frog (around neck) {Reflect rElec rC+ Int-2 SH+5}
   (You found it on level 3 of the Elven Halls)

   [amulet of reflection]

   It shields you and reflects attacks.
   It affects your intelligence (-2).
   It protects you from cold.
   It insulates you from electricity.
   It affects your SH (+5).
 n - a ring of protection from fire (right hand)
 D - a ring of protection from fire (left hand)
Wands
 w - a wand of iceblast (70)
 y - a wand of acid (60)
 J - a wand of disintegration (91)
 L - a wand of polymorph (44)
 M - a wand of random effects (113)
 Q - a wand of digging (22)
 Z - a wand of paralysis (42)
Scrolls
 c - 19 scrolls of remove curse {@r2}
 e - 9 scrolls of fog
 j - 26 scrolls of teleportation
 o - 6 scrolls of magic mapping
 t - 8 scrolls of silence
 E - 12 scrolls of blinking
 H - 4 scrolls of vulnerability
 I - 3 scrolls of summoning
 V - 30 scrolls of identify {@r1}
 W - 10 scrolls of fear
 X - 9 scrolls of immolation
Potions
 b - 5 potions of haste
 d - 2 potions of magic
 g - 4 potions of ambrosia
 i - 3 potions of lignification
 k - 31 potions of curing {@q1}
 l - 11 potions of attraction
 m - 13 potions of heal wounds
 s - 5 potions of berserk rage
 x - 10 potions of might
 z - 4 potions of invisibility
 C - 7 potions of cancellation
 F - 5 potions of flight
 N - 4 potions of resistance
Miscellaneous
 f - a phantom mirror
 q - a box of beasts
 v - a tin of tremorstones (inert)
 A - a phial of floods
 O - a condenser vane


   Skills:
 O Level 27 Fighting
 + Level 20.4 Axes
 - Level 2.0 Throwing
 - Level 20.0 Armour
 - Level 20.0 Dodging
 - Level 25.0 Shields
 - Level 15.0 Invocations
 - Level 25.0 Evocations


You had 26 spell levels left.
You didn't know any spells.
Your spell library contained the following spells:

 Spells                   Type           Power        Failure   Level
 Animate Skeleton         Necr           0%           99%         1
 Apportation              Tloc           0%           99%         1
 Beastly Appendage        Tmut           0%           99%         1
 Corona                   Hex            0%           99%         1
 Foxfire                  Conj/Fire      0%           99%         1
 Freeze                   Ice            0%           99%         1
 Sandblast                Erth           0%           99%         1
 Shock                    Conj/Air       0%           99%         1
 Sting                    Tmut/Pois      0%           99%         1
 Summon Small Mammal      Summ           0%           99%         1
 Call Imp                 Summ           0%           100%        2
 Corpse Rot               Necr/Air       N/A          100%        2
 Ensorcelled Hibernation  Hex/Ice        0%           100%        2
 Passwall                 Tmut/Erth      0%           100%        2
 Poisonous Vapours        Pois/Air       0%           100%        2
 Slow                     Hex            0%           100%        2
 Sublimation of Blood     Necr           0%           100%        2
 Swiftness                Air            0%           100%        2
 Wereblood                Tmut           0%           100%        2
 Call Canine Familiar     Summ           0%           100%        3
 Confusing Touch          Hex            0%           100%        3
 Conjure Flame            Conj/Fire      0%           100%        3
 Frozen Ramparts          Ice            0%           100%        3
 Ignite Poison            Fire/Tmut/Pois 0%           100%        3
 Inner Flame              Hex/Fire       0%           100%        3
 Lesser Beckoning         Tloc           0%           100%        3
 Mephitic Cloud           Conj/Pois/Air  0%           100%        3
 Ozocubu's Armour         Ice            0%           100%        3
 Portal Projectile        Hex/Tloc       0%           100%        3
 Spider Form              Tmut/Pois      0%           100%        3
 Static Discharge         Conj/Air       0%           100%        3
 Stone Arrow              Conj/Erth      0%           100%        3
 Summon Guardian Golem    Hex/Summ       0%           100%        3
 Teleport Other           Tloc           0%           100%        3
 Tukima's Dance           Hex            0%           100%        3
 Airstrike                Air            0%           100%        4
 Animate Dead             Necr           0%           100%        4
 Cause Fear               Hex            0%           100%        4
 Dispel Undead            Necr           0%           100%        4
 Hailstorm                Conj/Ice       0%           100%        4
 Ice Form                 Ice/Tmut       0%           100%        4
 Leda's Liquefaction      Hex/Erth       0%           100%        4
 Olgreb's Toxic Radiance  Pois           0%           100%        4
 Petrify                  Tmut/Erth      0%           100%        4
 Sticky Flame             Conj/Fire      0%           100%        4
 Summon Ice Beast         Ice/Summ       0%           100%        4
 Summon Lightning Spire   Summ/Air       0%           100%        4
 Agony                    Necr           0%           100%        5
 Alistair's Intoxication  Tmut/Pois      0%           100%        5
 Blade Hands              Tmut           0%           100%        5
 Bolt of Magma            Conj/Fire/Erth 0%           100%        5
 Borgnjor's Vile Clutch   Necr/Erth      0%           100%        5
 Excruciating Wounds      Necr           0%           100%        5
 Fireball                 Conj/Fire      0%           100%        5
 Irradiate                Conj/Tmut      0%           100%        5
 Lee's Rapid Deconstruct  Erth           0%           100%        5
 Lightning Bolt           Conj/Air       0%           100%        5
 Silence                  Hex/Air        0%           100%        5
 Summon Forest            Summ/Tloc      0%           100%        5
 Yara's Violent Unravell  Hex/Tmut       0%           100%        5
 Conjure Ball Lightning   Conj/Air       0%           100%        6
 Death Channel            Necr           0%           100%        6
 Eringya's Noxious Bog    Tmut/Pois      0%           100%        6
 Hydra Form               Tmut           0%           100%        6
 Invisibility             Hex            0%           100%        6
 Shadow Creatures         Summ           N/A          100%        6
 Simulacrum               Ice/Necr       0%           100%        6
 Dragon Form              Tmut           0%           100%        7
 Malign Gateway           Summ/Tloc      0%           100%        7
 Monstrous Menagerie      Summ           0%           100%        7
 Spellforged Servitor     Conj/Summ      0%           100%        7
 Summon Greater Demon     Summ           0%           100%        7
 Summon Hydra             Summ           0%           100%        7
 Chain Lightning          Conj/Air       0%           100%        8
 Discord                  Hex            0%           100%        8
 Ignition                 Fire           0%           100%        8
 Lehudib's Crystal Spear  Conj/Erth      0%           100%        8
 Summon Horrible Things   Summ           0%           100%        8
 Absolute Zero            Ice            0%           100%        9
 Fire Storm               Conj/Fire      0%           100%        9
 Shatter                  Erth           0%           100%        9
 Tornado                  Air            0%           100%        9


Dungeon Overview and Level Annotations

Branches:
Dungeon (15/15)            Temple (1/1) D:4            Lair (6/6) D:10
  Swamp (4/4) Lair:3        Snake (4/4) Lair:2        Slime (5/5) Lair:5
    Orc (2/2) D:10            Elf (3/3) Orc:2        Vaults (5/5) D:13
  Crypt (3/3) Vaults:2       Tomb (0/3) Crypt:3      Depths (5/5) D:15
    Zot (5/5) Depths:5      IceCv (visited)         Volcano (visited)

Altars:
Ashenzari
Cheibriados
Dithmenos
Elyvilon
Fedhas
Gozag
Hepliaklqana
Kikubaaqudgha
Makhleb
Nemelex Xobeh
Okawaru
Qazlal
Ru
Sif Muna
Trog
Uskayaw
Vehumet
Wu Jian
Xom
Yredelemnul
Zin
The Shining One
Jiyva
Lugonu

Shops:
D:7 }   D:8 =?:=(   D:9 !   D:14 !   Orc:1 !   Orc:2 (=**   Snake:4 =}=
Vaults:2 [   Vaults:3 :   Depths:1 [   Depths:3 =

Portals:
Hell: Depths:1 Depths:2 Depths:3 Depths:4 Depths:5
Abyss: Depths:1 Depths:2 Depths:4
Pandemonium: Depths:3 Depths:5
Ziggurat: Depths:2

Annotations:
Depths:5 3 runed translucent doors, Ugicog's ghost, adept DsGl


Innate Abilities, Weirdness & Mutations

You are resistant to damage.
You can heal yourself by infusing magical energy.
You resist negative energy. (rN+)
You passively map a large area around you.
You do not regenerate.
You have a pair of small antennae on your head.
You have very sharp teeth.
You are partially covered in iridescent scales. (AC +2)
You are partially covered in thin metallic scales. (AC +2)
You possess an exceptional clarity of mind.
Your mind is acute. (Int +2)
You are clumsy. (Dex -2)
Your body often deteriorates upon taking damage.
You are strong-willed. (Will+)
Your system is resistant to poisons. (rPois)


Message History

You climb upwards.
There is a stone staircase leading down here.
There is a stone staircase leading up here.
You climb upwards.
There is a stone staircase leading down here.
There is a stone staircase leading up here.
You climb upwards.
There is a stone staircase leading down here.
There is a stone staircase leading up here.
You climb upwards.
There is a stone staircase leading down here.
You see here a robe.
There is a stone staircase leading up here.
You climb upwards.
There is a stone staircase leading down here.
There is a staircase leading out of the dungeon here.
A demon appears!
A demon appears!
A demon appears!
You have escaped!

#.........#..........)..#.....#
#########....###...###........#
##...#......>#........#
#...#.......#.....)..#
##.............##..#.#
#......#......###.#+#
##.............#......
#...#22.....#....##...
#...#@2.....#....##...
#...###...###...###...
##.............####...
#.............# #....
###...###...### #.... #####
##.######..>. #...........
############


You could see a friendly balrug (summoned) and 2 friendly blizzard demons.

Vanquished Creatures
  the Royal Jelly (Slime:5)
  A pandemonium lord (D:13)
  3 ancient liches
  8 orbs of fire
  A juggernaut (Depths:2)
  Sojobo (Depths:2)
  A royal mummy (Crypt:2)
  Boris (thrice) (Depths:3 Crypt:1 Vaults:5)
  5 Killer Klowns
  2 curse toes (Zot:2)
  7 golden dragons
  Nikola (Swamp:4)
  Jory (Vaults:5)
  the Enchantress (Depths:4)
  4 bone dragons
  5 electric golems
  A Hell Sentinel (D:13)
  29 tentacled monstrosities
  26 Orb Guardians
  6 liches
  2 deep elf master archers (Elf:3)
  2 deep elf blademasters
  The ghost of Decrayps the Ninja, a veteran FeEn of Elyvilon (Zot:4)
  18 acid blobs
  4 quicksilver dragons
  11 death cobs
  7 titans
  2 sphinxes
  2 ancient champions
  7 tengu reavers
  Frances (Snake:1)
  12 nagarajas
  Kirke (Swamp:4)
  4 thorn hunters (Swamp:4)
  A fenstrider witch (Swamp:1)
  18 shadow dragons
  2 azure jellies (shapeshifter)
  15 azure jellies
  22 storm dragons
  9 fire giants
  A revenant (Crypt:2)
  11 draconian monks
  An orc warlord (Orc:1)
  Aizul (Snake:1)
  5 deep elf sorcerers
  9 vault wardens
  5 ghost moths
  A cacodemon (D:10)
  8 draconian shifters
  9 frost giants
  5 draconian scorchers
  4 iron dragons
  6 draconian knights
  3 draconian annihilators
  Louise (Swamp:1)
  7 spriggan defenders
  26 very ugly things
  3 curse skulls
  7 deep elf elementalists
  17 ironheart preservers
  5 draconian stormcallers
  5 reapers
  The ghost of Juirae the Grappler, a journeyman TrMo of Wu Jian (Lair:4)
  A war gargoyle (Vaults:5)
  6 caustic shrike skeletons (Depths:4)
  25 stone giants
  12 green draconians
  Azrael (D:12)
  2 bunyips
  6 deep elf demonologists
  8 black draconians
  2 vampire knights (Swamp:4)
  11 purple draconians
  11 spark wasps
  7 deep elf annihilators
  12 white draconians
  2 entropy weavers
  10 yellow draconians
  10 red draconians
  2 dire elephants
  11 eidola
  4 large abominations
  15 ettins
  3 eleionomae
  Josephine (Orc:2)
  9 death oozes (Slime:5)
  14 fire dragons
  A mummy priest (Crypt:3)
  7 deep elf death magi
  6 deep elf high priests
  Snorg (D:10)
  19 great orbs of eyes
  A shambling mangrove (Swamp:4)
  18 yaktaur captains
  4 rakshasas
  6 ice dragons
  A fenstrider witch zombie (Crypt:1)
  4 monstrous demonspawn (Depths:5)
  33 vault guards
  16 boulder beetles
  A quicksilver dragon skeleton (Crypt:3)
  17 hydras
  3 ghost crabs
  21 naga warriors
  7 alligators
  5 spriggan air magi
  3 centaur warriors
  A deep troll shaman (Depths:5)
  33 two-headed ogres
  4 death knights
  13 anacondas
  10 ogre magi
  37 dancing weapons
  16 death yaks
  3 deep troll earth magi
  7 tengu warriors
  9 naga sharpshooters
  3 small abominations
  A vampire mage (Swamp:3)
  3 orc high priests
  4 titan zombies
  7 shock serpents
  10 spriggan berserkers
  Nergalle (D:10)
  28 deep elf knights
  Sonja (D:12)
  45 spriggans
  11 soul eaters
  3 storm dragon zombies (Crypt:3)
  16 skeletal warriors
  2 ghost moth zombies (Crypt:2)
  6 unseen horrors
  An entropy weaver zombie (Crypt:2)
  3 salamander mystics
  4 shadow wraiths
  2 unseen horrors (shapeshifter)
  16 deep trolls
  A glowing orange brain (Depths:5)
  5 goliath frogs
  An anaconda zombie (Crypt:3)
  A glowing orange brain (shapeshifter) (Depths:2)
  A storm dragon skeleton (Vaults:4)
  A goliath frog (shapeshifter) (Vaults:5)
  3 spectral hydras
  3 obsidian statues
  An orange crystal statue (Crypt:2)
  9 sea snakes (Snake:4)
  11 spriggan druids
  A bunyip skeleton (Crypt:1)
  8 naga ritualists
  19 deep elf archers
  7 bog bodies
  9 swamp dragons
  8 flayed ghosts
  2 lindwurms
  17 ironbrand convokers
  4 wizards
  8 orc knights
  2 wolf spider zombies
  11 harpies
  15 phantasmal warriors
  2 shadow dragon zombies
  2 human zombies (Vaults:3)
  16 necromancers
  2 iron dragon zombies (Crypt:3)
  5 orc sorcerers
  A golden dragon skeleton (Crypt:3)
  3 frost giant zombies
  3 oklob plants (Swamp:4)
  An orb spider (shapeshifter) (Vaults:4)
  6 mana vipers
  71 deep elf magi
  7 wolf spiders
  76 ugly things
  10 manticores
  5 will-o-the-wisps
  3 fire giant zombies
  5 shining eyes
  A cyclops (shapeshifter) (Vaults:5)
  A moth of wrath (shapeshifter) (Vaults:2)
  A salamander (shapeshifter) (D:15)
  Maurice (D:10)
  A shock serpent zombie (Crypt:2)
  A sphinx skeleton (Vaults:3)
  18 moths of wrath
  6 salamanders
  A manticore (shapeshifter) (D:15)
  An elephant (shapeshifter) (Vaults:5)
  3 centaur zombies
  7 cyclopes
  A frost giant skeleton (Crypt:3)
  2 human skeletons (Vaults:3)
  32 black mambas
  15 naga magi
  3 ice statues (IceCv)
  9 elephants (Lair:5)
  6 guardian serpents
  3 eyes of devastation
  A rust devil (Depths:2)
  2 molten gargoyles (Lair:6)
  A torpor snail (shapeshifter) (Vaults:5)
  An eye of devastation (shapeshifter) (Depths:2)
  11 cane toads
  18 vault sentinels
  A dire elephant zombie (Crypt:3)
  3 orange demons
  5 centaur skeletons
  3 dire elephant skeletons (Crypt:3)
  3 gargoyles
  Maggie (D:7)
  2 kobold demonologists
  43 yaktaurs
  A yaktaur (shapeshifter) (Elf:1)
  3 rime drakes
  A catoblepas zombie (Crypt:3)
  14 hellwings
  An ice devil (D:13)
  A grey draconian zombie (Crypt:2)
  2 efreet
  18 freezing wraiths
  19 komodo dragons
  2 death drake zombies (Swamp:4)
  A yaktaur skeleton (Vaults:3)
  2 harpy zombies
  5 guardian mummies
  A green draconian skeleton (Crypt:1)
  3 tengu conjurers
  3 polar bears
  A meliai (shapeshifter) (Depths:1)
  3 wind drakes (shapeshifter)
  A sea snake skeleton (Crypt:2)
  4 hydra zombies
  2 sphinx simulacra (Vaults:1)
  25 hornets
  A fire dragon zombie (Crypt:2)
  4 jumping spiders
  9 trolls
  11 tyrant leeches
  A wolf spider simulacrum (Vaults:1)
  2 hydra skeletons
  Grinder (D:5)
  2 harpy skeletons
  An alligator zombie (Crypt:3)
  2 fire giant simulacra
  4 blink frogs (Lair:2)
  114 slime creatures
  A death drake skeleton (Swamp:4)
  3 ettin zombies
  A guardian serpent skeleton (Crypt:1)
  A frost giant simulacrum (Vaults:2)
  4 air elementals
  6 redbacks
  A stone giant simulacrum (Crypt:1)
  2 ice dragon skeletons (Crypt:3)
  A meliai zombie (D:11)
  5 flying skulls (Crypt:2)
  A ynoxinul (Depths:5)
  3 water elementals
  10 wraiths
  2 shadows
  A wyvern (shapeshifter) (Depths:3)
  An orc simulacrum (Vaults:3)
  An ushabti (Crypt:3)
  10 wyverns
  9 humans
  2 vampires
  A hog (shapeshifter) (Vaults:1)
  A golden eye (shapeshifter) (Vaults:4)
  39 yaks
  9 fire elementals
  4 human simulacra
  3 hogs (Swamp:4)
  9 fire bats
  8 basilisks
  A neqoxec (Zot:3)
  A chaos spawn (Depths:5)
  16 vampire mosquitoes
  57 nagas
  A gelid demonspawn zombie (Crypt:1)
  13 swamp worms
  2 wargs
  A warg (shapeshifter) (Depths:2)
  A swamp worm (shapeshifter) (Depths:2)
  5 hell hounds
  16 water moccasins
  A water nymph skeleton (Crypt:2)
  A floating eye (Slime:2)
  4 acid dragons
  3 hydra simulacra (Swamp:4)
  A swamp drake (shapeshifter) (Vaults:4)
  A faun skeleton (Crypt:2)
  47 orc warriors
  3 black bears
  A black bear (shapeshifter) (Depths:4)
  6 sky beasts
  6 swamp drakes
  A hornet zombie (Crypt:1)
  4 swamp dragon zombies
  16 ice beasts
  4 phantoms
  3 snapping turtle zombies
  15 wolves
  5 eyes of draining
  26 centaurs
  5 boggarts
  3 snapping turtle skeletons
  30 ogres
  A swamp dragon skeleton (Swamp:4)
  16 big kobolds
  21 bullfrogs
  4 gnoll sergeants
  8 earth elementals
  A wyvern zombie (D:9)
  10 wyvern skeletons (Crypt:3)
  4 scorpions
  A queen bee zombie (Crypt:1)
  3 wights (D:12)
  6 killer bees (D:12)
  7 howler monkeys
  5 electric eels
  15 lava snakes
  2 crimson imps (Depths:5)
  A quasit (D:9)
  7 hounds
  2 bullfrog zombies
  2 jellies
  32 orc priests
  A basilisk zombie (Crypt:2)
  A bullfrog skeleton (D:11)
  17 iguanas
  39 orc wizards
  7 worker ants
  14 hell rats
  Ijyb (D:5)
  A killer bee zombie (Crypt:2)
  An acid dragon zombie (Crypt:2)
  A deep dwarf zombie (Crypt:1)
  A naga skeleton (Crypt:1)
  2 hound zombies
  2 hound skeletons
  6 mummies
  A worker ant zombie (D:9)
  A howler monkey zombie (D:9)
  10 gnolls
  13 adders
  6 white imps
  2 ufetubi
  An ooze (D:3)
  2 adder skeletons
  2 worms
  5 dart slugs
  8 leopard geckos
  112 orcs
  A ball python (D:6)
  11 bats
  5 giant cockroaches
  7 hobgoblins
  18 jackals
  4 quokkas
  2 frilled lizards
  12 goblins
  28 kobolds
  2 quokka skeletons
  9 rats
  3 fire vortices (Lair:3)
2833 creatures vanquished.

Vanquished Creatures (collateral kills)
  Saint Roka (Elf:2)
  A caustic shrike (Depths:3)
  Donald (Swamp:1)
  A hydra zombie (Swamp:4)
  A spriggan defender (Depths:4)
  A yaktaur captain (Depths:3)
  3 hydras
  An alligator (Swamp:1)
  A deep elf knight (Elf:1)
  2 goliath frogs
  3 deep elf magi (Elf:1)
  A tyrant leech (Swamp:1)
  A hornet (Swamp:3)
  A vampire mosquito (Swamp:2)
  2 swamp drakes
  A quasit (D:10)
22 creatures vanquished.

Vanquished Creatures (others)
  A deep elf blademaster (Elf:3)
  2 deep elf knights (Elf:2)
  An unseen horror (Vaults:1)
  A necromancer (Vaults:1)
  A deep elf mage (Elf:2)
  A naga mage (Snake:4)
  A tengu conjurer (D:14)
  A bloated husk (Swamp:1)
  A spriggan (Swamp:3)
  A centaur (Vaults:1)
  A bullfrog skeleton (D:12)
  6 briar patches (Swamp:4)
  A fire vortex (Lair:3)
  34 foxfires
  42 fungi
  54 plants
  18 withered plants (Crypt:3)
167 creatures vanquished.

Grand Total: 3022 creatures vanquished

Notes
Turn   | Place    | Note
-------+----------+-------------------------------------------
     0 | D:1      | Maplein the Deep Dwarf Gladiator began the quest for the
                  | Orb.
     0 | D:1      | Reached XP level 1. HP: 19/19 MP: 1/1
   160 | D:1      | Reached XP level 2. HP: 24/26 MP: 2/2
   592 | D:1      | Reached XP level 3. HP: 29/32 MP: 3/3
   727 | D:2      | Found a faded altar of an unknown god.
   775 | D:2      | Reached skill level 5 in Axes
  1118 | D:2      | Reached XP level 4. HP: 28/39 MP: 4/4
  1865 | D:3      | Reached skill level 2 in Fighting
  2064 | D:3      | Noticed a bullfrog
  2070 | D:3      | Reached XP level 5. HP: 30/45 MP: 5/5
  2222 | D:3      | Found an ornate altar of the Wu Jian Council.
  2256 | D:3      | Reached skill level 1 in Evocations
  2418 | D:4      | Noticed an ogre
  2423 | D:4      | Reached XP level 6. HP: 45/52 MP: 6/6
  2439 | D:4      | Reached skill level 5 in Evocations
  2460 | D:4      | Found a staircase to the Ecumenical Temple.
  2469 | Temple   | Entered the Ecumenical Temple
  2526 | Temple   | Became a worshipper of Makhleb the Destroyer
  2766 | D:4      | Reached skill level 3 in Fighting
  2842 | D:4      | Identified the cursed ring of the Skies Above {*Drain Int+2
                  | Dex+2 Slay-4}
  2861 | D:4      | Reached XP level 7. HP: 28/62 MP: 7/7
  3032 | D:4      | Reached skill level 4 in Fighting
  3353 | D:5      | Entered Level 5 of the Dungeon
  3473 | D:5      | Noticed Ijyb
  3485 | D:5      | Killed Ijyb
  3556 | D:5      | Noticed Grinder
  3610 | D:5      | Killed Grinder
  3611 | D:5      | Reached skill level 5 in Fighting
  3831 | D:5      | Reached XP level 8. HP: 33/74 MP: 7/7
  3852 | D:5      | Reached * piety under Makhleb
  5287 | D:7      | Noticed a troll
  5304 | D:7      | Killed a troll
  5305 | D:7      | Reached skill level 10 in Axes
  5424 | D:7      | Found Elyaseak's Gadget Shoppe.
  5508 | D:7      | Gained mutation: You passively map the area around you.
                  | [Deep Dwarf growth]
  5508 | D:7      | Reached XP level 9. HP: 66/81 MP: 7/7
  5906 | D:7      | Reached ** piety under Makhleb
  6073 | D:7      | Got a transparent battleaxe
  6323 | D:7      | Noticed Maggie
  6338 | D:7      | Killed Maggie
  6645 | D:8      | Identified the +6 battleaxe of Ivoe {spect, rElec rPois
                  | Will- Dex+4} (You found it on level 7 of the Dungeon)
  6847 | D:8      | Found Ucwuf's Antique Weapon Shop.
  6861 | D:8      | Found Erghyutu's Book Shop.
  6914 | D:8      | Found Xuowanam's Jewellery Shoppe.
  7023 | D:7      | Bought a condenser vane for 560 gold pieces
  7065 | D:8      | Found Erada Zin's Magic Scroll Shop.
  7452 | D:8      | Found Opterelo's Jewellery Shop.
  7495 | D:9      | Reached XP level 10. HP: 56/88 MP: 8/8
  7525 | D:9      | Found Higiuzokan's Distillery.
  7572 | D:9      | Noticed a manticore
  7595 | D:9      | Noticed a six-headed hydra
  7633 | D:9      | Reached *** piety under Makhleb
  8375 | D:9      | Reached skill level 1 in Invocations
  8445 | D:10     | Entered Level 10 of the Dungeon
  8528 | D:10     | Noticed Snorg
  8539 | D:10     | Killed Snorg
  8540 | D:10     | Reached skill level 5 in Invocations
  8542 | D:10     | Noticed a death yak
  8545 | D:10     | Noticed a death yak
  8545 | D:10     | Noticed Nergalle
  8545 | D:10     | Noticed a death yak
  8552 | D:10     | Noticed Maurice
  8554 | D:10     | Noticed a death yak
  8557 | D:10     | Killed Nergalle
  8558 | D:10     | Noticed a death yak
  8559 | D:10     | Killed a death yak
  8559 | D:10     | Noticed a death yak
  8570 | D:10     | Killed a death yak
  8571 | D:10     | Reached skill level 10 in Evocations
  8572 | D:10     | Killed a death yak
  8573 | D:10     | Reached XP level 11. HP: 20/94 MP: 11/14
  8579 | D:10     | Killed a death yak
  8579 | D:10     | Killed a death yak
  8579 | D:10     | Killed a death yak
  8581 | D:10     | Killed Maurice
  8624 | D:10     | Reached skill level 10 in Invocations
  8708 | D:10     | Reached **** piety under Makhleb
  8726 | D:10     | Noticed a death yak
  8738 | D:10     | Killed a death yak
  8747 | D:10     | Found a staircase to the Lair.
  9091 | D:10     | Found a staircase to the Orcish Mines.
  9217 | D:10     | Found a blossoming altar of Fedhas.
  9426 | D:10     | Found a bloodstained altar of Trog.
  9575 | Lair:1   | Entered Level 1 of the Lair of Beasts
  9760 | Lair:1   | Reached XP level 12. HP: 102/103 MP: 17/17
 10162 | Lair:1   | Reached skill level 15 in Evocations
 10197 | Lair:1   | Noticed a four-headed hydra
 10202 | Lair:1   | Killed a four-headed hydra
 10203 | Lair:1   | Reached skill level 5 in Dodging
 10759 | Lair:2   | Found a staircase to the Snake Pit.
 10807 | Lair:2   | Reached skill level 6 in Fighting
 10942 | Lair:2   | Reached ***** piety under Makhleb
 10943 | Lair:2   | Reached skill level 7 in Fighting
 11043 | Lair:2   | Reached skill level 8 in Fighting
 11694 | Lair:3   | Found a staircase to the Swamp.
 11811 | Lair:3   | Reached skill level 9 in Fighting
 12364 | Lair:4   | Found a runed translucent door.
 12412 | Lair:4   | Noticed Juirae's ghost (journeyman TrMo)
 12517 | Lair:4   | Reached XP level 13. HP: 121/121 MP: 17/17
 12802 | Lair:4   | Reached skill level 10 in Fighting
 13225 | Lair:5   | Found a viscous altar of Jiyva.
 13225 | Lair:5   | Found a staircase to the Slime Pits.
 13490 | Lair:5   | Reached skill level 5 in Armour
 14137 | Lair:6   | Entered Level 6 of the Lair of Beasts
 14199 | Lair:6   | Reached ****** piety under Makhleb
 14501 | Lair:6   | Gained mutation: You resist negative energy. (rN+) [Deep
                  | Dwarf growth]
 14501 | Lair:6   | Reached XP level 14. HP: 132/132 MP: 21/21
 14711 | Lair:6   | Found a large runed translucent door.
 14729 | Lair:6   | Reached skill level 15 in Invocations
 14793 | Lair:6   | Found a large runed translucent door.
 15388 | Orc:1    | Entered Level 1 of the Orcish Mines
 15388 | Orc:1    | Found Naelokk's Distillery.
 15412 | Orc:2    | Entered Level 2 of the Orcish Mines
 15416 | Orc:2    | Noticed Josephine
 15427 | Orc:2    | Killed Josephine
 15470 | Orc:1    | Found a dark tunnel.
 15479 | Volcano  | Entered a volcano
 15556 | Volcano  | Noticed a stone giant
 15557 | Volcano  | Found a radiant altar of Vehumet.
 15568 | Volcano  | Killed a stone giant
 15688 | Orc:1    | Found a frozen archway.
 15691 | Orc:1    | Noticed an orc warlord
 15716 | Orc:1    | Killed an orc warlord
 15730 | IceCv    | Entered an ice cave
 16180 | Orc:1    | Bought a potion of resistance for 130 gold pieces
 16180 | Orc:1    | Bought a potion of mutation for 104 gold pieces
 16180 | Orc:1    | Bought a potion of degeneration for 13 gold pieces
 16180 | Orc:1    | Bought a potion of berserk rage for 65 gold pieces
 16182 | Orc:1    | Bought 2 potions of curing for 78 gold pieces
 16182 | Orc:1    | Bought a potion of curing for 39 gold pieces
 16182 | Orc:1    | Bought a potion of flight for 39 gold pieces
 16182 | Orc:1    | Bought a potion of curing for 39 gold pieces
 16182 | Orc:1    | Bought a potion of haste for 130 gold pieces
 16331 | Orc:2    | Noticed a stone giant
 16342 | Orc:2    | Killed a stone giant
 16832 | Orc:2    | Found a staircase to the Elven Halls.
 16834 | Orc:2    | Noticed a stone giant
 16842 | Orc:2    | Killed a stone giant
 16856 | Orc:2    | Reached skill level 10 in Armour
 16856 | Orc:2    | Reached skill level 10 in Dodging
 16867 | Orc:2    | Reached skill level 1 in Shields
 16928 | Orc:2    | Found Eskih's Weapon Boutique.
 16928 | Orc:2    | Found Ywkonur's Assorted Antiques.
 16929 | Orc:2    | Found Otife's General Store.
 16933 | Orc:2    | Found Jonit's Jewellery Boutique.
 16957 | Orc:2    | Bought a potion of curing for 72 gold pieces
 17199 | D:8      | Bought a scroll of fear for 42 gold pieces
 17199 | D:8      | Bought a scroll of blinking for 90 gold pieces
 17199 | D:8      | Bought a scroll of identify for 24 gold pieces
 17199 | D:8      | Bought a scroll of identify for 24 gold pieces
 17199 | D:8      | Bought a scroll of identify for 24 gold pieces
 17199 | D:8      | Bought a scroll of identify for 24 gold pieces
 17201 | D:8      | Reached XP level 15. HP: 138/138 MP: 23/23
 17209 | D:8      | Identified a scroll of acquirement
 17210 | D:8      | Acquired 1120 gold pieces
 17316 | Orc:2    | Bought the ring of Sunlight {rElec rPois Int+2} for 534
                  | gold pieces
 17416 | D:8      | Bought the amulet of Ykhliotui {Reflect rF+ SH+5} for 440
                  | gold pieces
 17634 | Swamp:1  | Entered Level 1 of the Swamp
 17867 | Swamp:1  | Reached XP level 16. HP: 123/146 MP: 24/24
 17918 | Swamp:1  | Noticed Louise
 17942 | Swamp:1  | Killed Louise
 18317 | Swamp:1  | Noticed Donald
 18333 | Swamp:1  | Killed Donald
 18334 | Swamp:1  | Reached skill level 10 in Shields
 20805 | Swamp:4  | Entered Level 4 of the Swamp
 20831 | Swamp:4  | Noticed Kirke
 20840 | Swamp:4  | Noticed Nikola
 20841 | Swamp:4  | Killed Kirke
 20873 | Swamp:4  | Killed Nikola
 21174 | Swamp:4  | Reached skill level 15 in Shields
 21182 | Swamp:4  | Reached XP level 17. HP: 144/153 MP: 25/25
 21375 | Snake:1  | Entered Level 1 of the Snake Pit
 21519 | Snake:1  | Noticed Aizul
 21536 | Snake:1  | Killed Aizul
 21537 | Snake:1  | Reached skill level 15 in Axes
 22322 | D:12     | Noticed Sonja
 22330 | D:12     | Killed Sonja
 22833 | Swamp:4  | Found a basalt altar of Yredelemnul.
 22846 | Swamp:4  | Got a decaying rune of Zot
 22911 | Swamp:4  | Found a blossoming altar of Fedhas.
 23191 | D:12     | Noticed Azrael
 23196 | D:12     | You fall into a shaft and drop 3 floors!
 23196 | D:15     | Entered Level 15 of the Dungeon
 23389 | D:12     | Killed Azrael
 24179 | Snake:1  | Noticed Frances
 24191 | Snake:1  | Killed Frances
 25777 | Snake:3  | Gained mutation: You passively map a large area around you.
                  | [Deep Dwarf growth]
 25777 | Snake:3  | Reached XP level 18. HP: 159/160 MP: 23/23
 26193 | Snake:4  | Entered Level 4 of the Snake Pit
 28506 | Snake:4  | Found Luad's Jewellery Shop.
 28509 | Snake:4  | Found Uggis's Gadget Shoppe.
 28510 | Snake:4  | Found Bibla's Jewellery Shop.
 28688 | Snake:4  | Got a serpentine rune of Zot
 28747 | Snake:4  | Reached XP level 19. HP: 168/168 MP: 24/24
 28833 | Snake:4  | Bought a box of beasts for 440 gold pieces
 28836 | Snake:4  | Bought a phial of floods for 440 gold pieces
 29248 | D:13     | Found a hide-covered altar of Uskayaw.
 29365 | D:13     | Found a gate to the Vaults.
 29668 | D:14     | Found Pedoheme's Distillery.
 29683 | D:14     | Bought a potion of curing for 54 gold pieces
 29683 | D:14     | Bought a potion of haste for 180 gold pieces
 29683 | D:14     | Bought a potion of curing for 54 gold pieces
 29683 | D:14     | Bought a potion of might for 72 gold pieces
 30240 | D:14     | Identified the +4 ring mail "Fuilorar" {rElec}
 30779 | Lair:4   | Killed Juirae's ghost
 30926 | Elf:1    | Entered Level 1 of the Elven Halls
 30955 | Elf:1    | Reached skill level 15 in Dodging
 31052 | Elf:1    | Found a flickering gateway to a bazaar.
 31061 | Bazaar   | Entered a bazaar
 31061 | Bazaar   | Found Cekh's Jewellery Shop.
 31097 | Bazaar   | Found Ixiocs's Antique Armour Shoppe.
 31105 | Bazaar   | Found Egeakh's Jewellery Shop.
 31114 | Bazaar   | Found Nuyl's Assorted Antiques.
 31124 | Bazaar   | Found Juabemn's Distillery.
 31185 | Bazaar   | Bought a faintly humming leather armour for 175 gold pieces
 31185 | Bazaar   | Bought a shimmering helmet for 237 gold pieces
 31193 | Bazaar   | Identified the +4 leather armour of Levity {rF+ rC+ rCorr
                  | Dex-2} (You bought it in a shop in a bazaar)
 31194 | Bazaar   | Identified the +0 helmet of Curiosity {Str+3} (You bought
                  | it in a shop in a bazaar)
 31221 | Bazaar   | Bought a potion of cancellation for 72 gold pieces
 31524 | D:13     | Reached skill level 11 in Fighting
 32582 | Elf:2    | Reached skill level 12 in Fighting
 32889 | Elf:2    | Found a sparkling altar of Nemelex Xobeh.
 33048 | Elf:2    | Found a huge runed translucent gate.
 33048 | Elf:2    | Found a huge runed translucent gate.
 33048 | Elf:2    | Found a huge runed translucent gate.
 33054 | Elf:2    | Found a huge runed translucent gate.
 33054 | Elf:2    | Found a huge runed translucent gate.
 33393 | Elf:2    | Reached skill level 13 in Fighting
 33406 | Elf:2    | Noticed Saint Roka
 33424 | Elf:2    | Killed Saint Roka
 33628 | Elf:2    | Reached XP level 20. HP: 92/189 MP: 25/25
 33633 | Elf:2    | Reached skill level 14 in Fighting
 34126 | D:15     | Found a staircase to the Depths.
 34176 | D:15     | Found an opulent altar of Gozag.
 34607 | Elf:3    | Entered Level 3 of the Elven Halls
 35151 | Elf:3    | Reached skill level 15 in Fighting
 35287 | Elf:3    | Identified the +7 scythe "Egg" {flame, *Drain Int+4 Dex+2
                  | SInv}
 35367 | Elf:3    | Got a transparent ring mail
 35368 | Elf:3    | Identified the +4 ring mail of Xutirph {rPois} (You found
                  | it on level 3 of the Elven Halls)
 35621 | Elf:3    | Got a pitted golden amulet
 35622 | Elf:3    | Identified the amulet of the Frog {Reflect rElec rC+ Int-2
                  | SH+5} (You found it on level 3 of the Elven Halls)
 35641 | Elf:3    | Identified the Grimoire of Toxins and the Birds
 36002 | Elf:3    | Got a twisted war axe
 36003 | Elf:3    | Identified the +2 war axe "Dragon's Tongue" {speed, rF+}
                  | (You found it on level 3 of the Elven Halls)
 36286 | Vaults:1 | Entered Level 1 of the Vaults
 36678 | Vaults:1 | Reached XP level 21. HP: 201/201 MP: 26/26
 38179 | Vaults:2 | Found a staircase to the Crypt.
 38449 | Vaults:2 | Found Fovany's Armour Emporium.
 38470 | Vaults:2 | Reached skill level 15 in Armour
 39113 | Vaults:3 | Reached skill level 16 in Fighting
 39189 | Vaults:3 | Found Wixite's Book Emporium.
 39766 | Vaults:3 | Reached XP level 22. HP: 214/214 MP: 27/27
 40297 | D:8      | Bought an uncursed ring of resist corrosion for 200 gold
                  | pieces
 40440 | Slime:1  | Entered Level 1 of the Pits of Slime
 40470 | Slime:1  | Reached skill level 17 in Fighting
 40944 | Slime:1  | Gained mutation: You tend to lose your temper in combat. [a
                  | shining eye]
 40946 | Slime:1  | Gained mutation: You are dopey. (Int -2) [a shining eye]
 41086 | Swamp:3  | Lost mutation: You tend to lose your temper in combat.
                  | [potion of mutation]
 41086 | Swamp:3  | Lost mutation: You are dopey. (Int -2) [potion of mutation]
 41086 | Swamp:3  | Gained mutation: Your mind is acute. (Int +2) [potion of
                  | mutation]
 41086 | Swamp:3  | Gained mutation: You are strong-willed. (Will+) [potion of
                  | mutation]
 41086 | Swamp:3  | Gained mutation: You are partially covered in thin metallic
                  | scales. (AC +2) [potion of mutation]
 41086 | Swamp:3  | Gained mutation: You are partially covered in iridescent
                  | scales. (AC +2) [potion of mutation]
 41333 | Slime:3  | Reached skill level 18 in Fighting
 41389 | Slime:5  | Entered Level 5 of the Pits of Slime
 41567 | Slime:5  | Noticed the Royal Jelly
 41849 | Slime:5  | Found a viscous altar of Jiyva.
 41981 | Slime:5  | Killed the Royal Jelly
 41982 | Slime:5  | Reached skill level 19 in Fighting
 42081 | Slime:5  | Got a slimy rune of Zot
 42084 | Slime:5  | Identified Sif Muna's Tome of Shifting Calling
 42105 | Slime:5  | Got a brightly glowing zirconium amulet
 42106 | Slime:5  | Identified the amulet "Sikytuq" {Acrobat *Contam Str+6
                  | Int+2 Dex+3} (You found it on level 5 of the Pits of Slime)
 42218 | Slime:5  | Identified the Collected Works on Poison
 42234 | Slime:5  | Identified the Reference Book on the Spatial Snowflakes
 42729 | Vaults:4 | Reached XP level 23. HP: 232/232 MP: 28/28
 42968 | Vaults:4 | Reached skill level 20 in Fighting
 43799 | Vaults:4 | Found the +7 lajatang of Order {silver, rMut}
 44061 | Depths:1 | Entered Level 1 of the Depths
 44163 | Depths:1 | Found Jov Doq's Antique Armour Shoppe.
 44198 | Depths:1 | Bought an embroidered cloak for 367 gold pieces
 44783 | Depths:1 | Found a runed translucent door.
 44803 | Depths:1 | Got a smoking war axe
 44804 | Depths:1 | Identified the +10 war axe "Noll" {flame, Dex+3} (You found
                  | it on level 1 of the Depths)
 44887 | Depths:1 | Found a corrupted altar of Lugonu.
 44887 | Depths:1 | Found a one-way gate to the infinite horrors of the Abyss.
 45009 | Depths:1 | Found a gateway to Hell.
 45182 | Depths:2 | Noticed Sojobo
 45197 | Depths:2 | Killed Sojobo
 45202 | Depths:2 | Reached XP level 24. HP: 244/244 MP: 28/28
 45268 | Depths:2 | Found a portal to a secret trove of treasure.
 45307 | Depths:2 | Found a gateway to a ziggurat.
 45461 | Depths:2 | Found a runed translucent door.
 45461 | Depths:2 | Found a runed translucent door.
 45505 | Depths:2 | Noticed a juggernaut
 45521 | Depths:2 | Killed a juggernaut
 45752 | Depths:2 | Identified the Collected Works on the Frostbite and Hexes
 45954 | Depths:2 | Identified the Guide on Fetching Combat Magic
 46219 | Depths:3 | Noticed Boris
 46239 | Depths:3 | Killed Boris
 46666 | Depths:3 | Found Peturoar's Jewellery Shop.
 46863 | Depths:3 | Found a one-way gate leading to the halls of Pandemonium.
 47020 | Depths:4 | Found a bloodstained altar of Trog.
 47282 | Depths:4 | Reached XP level 25. HP: 252/252 MP: 28/28
 48369 | Depths:4 | Got a clouded ivory amulet
 48371 | Depths:4 | Identified the amulet of Wizak {Acrobat Dex+3} (You found
                  | it on level 4 of the Depths)
 48388 | Depths:4 | Noticed the Enchantress
 48407 | Depths:4 | Killed the Enchantress
 49065 | Depths:5 | Entered Level 5 of the Depths
 49878 | Crypt:1  | Entered Level 1 of the Crypt
 50116 | Crypt:1  | Noticed Boris
 50125 | Crypt:1  | Killed Boris
 51384 | Crypt:2  | Noticed a royal mummy
 51404 | Crypt:2  | Killed a royal mummy
 51484 | Crypt:3  | Entered Level 3 of the Crypt
 52326 | Crypt:3  | Found a staircase to the Tomb.
 52441 | Crypt:3  | Found an ancient bone altar of Kikubaaqudgha.
 52585 | Crypt:3  | Noticed an ancient lich
 52598 | Crypt:3  | Killed an ancient lich
 52619 | Crypt:3  | Identified the +6 halberd "Dwarf's Peril" {speed, rElec
                  | rPois Dex-3}
 53007 | Crypt:3  | Reached XP level 26. HP: 261/261 MP: 28/28
 53116 | Crypt:3  | Got a pair of heavily runed boots
 53118 | Crypt:3  | Identified the +1 pair of boots of Golden Awe {rCorr Dex+4}
                  | (You found it on level 3 of the Crypt)
 53411 | Vaults:5 | Entered Level 5 of the Vaults
 53523 | Vaults:5 | Got a slimy war axe
 53525 | Vaults:5 | Identified the +3 war axe of Filyl {venom, Will++} (You
                  | found it on level 5 of the Vaults)
 53548 | Vaults:5 | Identified the +8 rapier "Xaes" {flame, rC+ Dex+4 Stlth+}
 53668 | Vaults:5 | Noticed Boris
 53679 | Vaults:5 | Killed Boris
 53682 | Vaults:5 | Noticed Jory
 53707 | Vaults:5 | Killed Jory
 53823 | Vaults:5 | Got a fine war axe
 53824 | Vaults:5 | Identified the +10 war axe of Bread {speed, +Blink rC-
                  | Dex+5} (You found it on level 5 of the Vaults)
 53827 | Vaults:5 | Got an ichor-stained kite shield
 53828 | Vaults:5 | Identified the +3 kite shield of Fipt {rElec} (You found it
                  | on level 5 of the Vaults)
 53872 | Vaults:5 | Got a silver rune of Zot
 53951 | Vaults:5 | Reached skill level 21 in Fighting
 54248 | Vaults:5 | Got a fine leather armour
 54250 | Vaults:5 | Identified the +5 leather armour "Akuzxeem" {rC+ Str+4
                  | Slay+2} (You found it on level 5 of the Vaults)
 54434 | Vaults:5 | Identified Sif Muna's Guide on the Harmful Rocks
 55391 | Depths:5 | Reached skill level 22 in Fighting
 55503 | Depths:5 | Reached XP level 27. HP: 277/277 MP: 28/28
 55975 | Orc:2    | Bought a scroll of enchant armour for 180 gold pieces
 56070 | D:8      | Bought a scroll of enchant armour for 90 gold pieces
 56070 | D:8      | Bought a scroll of enchant armour for 90 gold pieces
 57104 | Depths:5 | Found a runed translucent gate.
 57106 | Depths:5 | Found a runed translucent gate.
 57107 | Depths:5 | Found a runed translucent gate.
 57161 | Depths:5 | Found a runed translucent gate.
 57161 | Depths:5 | Found a runed translucent gate.
 57163 | Depths:5 | Found a runed translucent gate.
 57163 | Depths:5 | Noticed Ugicog's ghost (adept DsGl)
 57394 | Depths:5 | Found a gate to the Realm of Zot.
 57778 | Zot:1    | Entered Level 1 of the Realm of Zot
 57832 | Zot:1    | Acquired a manual of Evocations
 58096 | Zot:1    | You fall into a shaft and drop 1 floor!
 58120 | Zot:2    | Acquired a +0 vampiric broad axe
 59001 | Zot:2    | Noticed an orb of fire
 59010 | Zot:2    | Killed an orb of fire
 59068 | Zot:2    | Acquired 333 gold pieces
 60279 | Zot:4    | Reached skill level 23 in Fighting
 60673 | Zot:4    | Found a runed translucent gate.
 60674 | Zot:4    | Found a runed translucent gate.
 60696 | Zot:4    | Reached skill level 24 in Fighting
 60833 | Zot:4    | Found a runed translucent gate.
 60834 | Zot:4    | Noticed Decrayps's ghost (veteran FeEn)
 60872 | Zot:4    | Killed Decrayps's ghost
 60904 | Zot:5    | Entered Level 5 of the Realm of Zot
 61033 | Zot:5    | Noticed an orb of fire
 61045 | Zot:5    | Killed an orb of fire
 61424 | Zot:5    | Noticed an orb of fire
 61426 | Zot:5    | Gained mutation: You have a pair of small antennae on your
                  | head. [an orb of fire]
 61440 | Zot:5    | Noticed an orb of fire
 61445 | Zot:5    | Noticed an orb of fire
 61451 | Zot:5    | Gained mutation: You are clumsy. (Dex -2) [an orb of fire]
 61457 | Zot:5    | Killed an orb of fire
 61458 | Zot:5    | Reached skill level 25 in Fighting
 61466 | Zot:5    | Killed an orb of fire
 61470 | Zot:5    | Gained mutation: Your body sometimes deteriorates upon
                  | taking damage. [an orb of fire]
 61473 | Zot:5    | Killed an orb of fire
 62194 | Zot:5    | Noticed an orb of fire
 62199 | Zot:5    | Gained mutation: You tend to lose your temper in combat.
                  | [an orb of fire]
 62203 | Zot:5    | Gained mutation: Armour fits poorly on your strangely
                  | shaped body. [an orb of fire]
 62205 | Zot:5    | Lost mutation: You tend to lose your temper in combat. [an
                  | orb of fire]
 62208 | Zot:5    | Noticed an orb of fire
 62209 | Zot:5    | Gained mutation: You are very clumsy. (Dex -4) [an orb of
                  | fire]
 62211 | Zot:5    | Killed an orb of fire
 62222 | Zot:5    | Noticed an ancient lich
 62223 | Zot:5    | Killed an orb of fire
 62226 | Zot:5    | Reached skill level 26 in Fighting
 62232 | Zot:5    | Killed an ancient lich
 62236 | Zot:5    | Noticed an ancient lich
 62236 | Zot:5    | Noticed an orb of fire
 62246 | Zot:5    | Killed an ancient lich
 62246 | Zot:5    | Gained mutation: You are weak. (Str -2) [an orb of fire]
 62257 | Zot:5    | Gained mutation: Your body often deteriorates upon taking
                  | damage. [an orb of fire]
 62258 | Zot:5    | Gained mutation: You tend to lose your temper in combat.
                  | [an orb of fire]
 62261 | Zot:5    | Killed an orb of fire
 62626 | Depths:5 | Lost mutation: Armour fits poorly on your strangely shaped
                  | body. [potion of mutation]
 62626 | Depths:5 | Lost mutation: You are weak. (Str -2) [potion of mutation]
 62626 | Depths:5 | Lost mutation: You tend to lose your temper in combat.
                  | [potion of mutation]
 62626 | Depths:5 | Lost mutation: You are very clumsy. (Dex -4) [potion of
                  | mutation]
 62626 | Depths:5 | Gained mutation: Your system is resistant to poisons.
                  | (rPois) [potion of mutation]
 62626 | Depths:5 | Gained mutation: You possess an exceptional clarity of
                  | mind. [potion of mutation]
 62626 | Depths:5 | Gained mutation: You have very sharp teeth. [potion of
                  | mutation]
 62926 | Zot:5    | Got the Orb of Zot
 62961 | Zot:4    | Noticed Uklasih the pandemonium lord
 63280 | D:13     | Noticed Dirpha the pandemonium lord
 63289 | D:13     | Reached skill level 27 in Fighting
 63304 | D:13     | Killed Dirpha the pandemonium lord
 63601 | D:$      | Escaped with the Orb!

Illustrated notes

Levels and vault maps discovered:
D:1:      minmay_arrival_open_corners, layout_basic, grunt_decor_fettered,
          minmay_tromino_v4_b
D:2:      layout_basic, chequers_ecumenical_altar_simple_redux, minmay_bisected
D:3:      minmay_octagon_keep, layout_basic, nzn_wu_jian_council_hall,
          chequers_serial_rivers_room_a
D:4:      layout_loops_ring, minmay_temple_entry_slanted
D:5:      layout_loops_ring, nrook_uturn, uniq_grinder, uniq_ijyb
D:6:      layout_layer_cave
D:7:      layout_basic, serial_shops, shop, minmay_unpleasant_kobolds,
          uniq_maggie
D:8:      layout_loops_ring, serial_shops, shop, shop, shop,
          nicolae_shop_statue_plus, shop
D:9:      minmay_chambers_of_sixes, layout_cave_pods, serial_shops,
          nicolae_shop_window_shopping
D:10:     minmay_wavy_crystal, layout_long_grid, dpeg_lair_monsters,
          kennysheep_orc_monster_closet_entryway, basic_altar,
          minmay_crystal_water, fedhas_altar_fruit_tree, uniq_snorg,
          uniq_maurice, uniq_nergalle
D:11:     layout_basic, minmay_fractal_squares_gapless_5
D:12:     layout_loops_ring, uniq_azrael, uniq_sonja
D:13:     layout_rooms, ximxim_vaults_locker_room, basic_altar,
          minmay_door_square
D:14:     layout_stronghold, nicolae_water_bricks, serial_shops, shop,
          kennysheep_minor_cross
D:15:     hangedman_depths_entry_try_elsewhere_first, layout_irregular_city,
          basic_altar
Temple:   dpeg_three_leaves_temple
Lair:1:   beast_lair_carwin_large_4, layout_misc_corridors
Lair:2:   layout_roguey, guppyfry_snake_entry_island, st_stairs_8,
          serial_bayou_shore_a
Lair:3:   layout_chaotic_city, minmay_swamp_entry_worms
Lair:4:   layout_regular_city, hellmonk_ghost_happy_afterlife,
          chequers_serial_rivers_room_b, eino_small_chamber_without_monster
Lair:5:   layout_roguey, slime_altar_1, eino_small_chamber_without_monster,
          chequers_serial_rivers_micro_d
Lair:6:   cheibrodos_lair_end_hotspot, layout_big_grid
Swamp:1:  layout_basic_swamp, evilmike_swamp_ruin_house_1, swamp_pool3,
          hangedman_swamp_blocks, st_swamp_ruins_3, infiniplex_staircase_pool_2,
          uniq_donald, uniq_louise
Swamp:2:  layout_falls_marsh, hangedman_swamp_cone
Swamp:3:  layout_basic_swamp, hangedman_swamp_diagram,
          cheibrodos_swamp_pet_leeches, infiniplex_staircase_pool
Swamp:4:  byrel_swamp_growth_death_and_undeath, layout_basic_swamp, swamp_pool3,
          uniq_nikola, uniq_kirke
Snake:1:  layout_chambers, grunt_ministairs_1, uniq_frances, uniq_aizul
Snake:2:  nicolae_snake_nest, layout_grid_maze, drop_trap, lemuel_fruit_tree
Snake:3:  layout_rooms
Snake:4:  grunt_snake_rune_pools, layout_cave_town,
          chequers_hall_statues_wall_a, grunt_megastairs_4, minmay_shop_grove
Slime:1:  layout_caves, nicolae_slime_barrier,
          cheibrodos_slime_lost_civilization_4
Slime:2:  layout_caves, cheibrodos_slime_lost_civilization_7
Slime:3:  layout_caves
Slime:4:  layout_caves, cheibrodos_slime_lost_civilization_6
Slime:5
Orc:1:    layout_caves, serial_shops, nicolae_shop_trees,
          portal_ice_cave_entry_ice_beasts, nicolae_volcano_entry_vermiform
Orc:2:    st_orc_mages, layout_caves, uniq_josephine
Elf:1:    eino_elf_arrival_the_gate, layout_loops_ring, serial_shops,
          freezing_bzr, hangedman_elven_crosses_minicolossus
Elf:2:    layout_rooms, grunt_ministairs_2, nemelex_altar_shiori,
          uniq_saint_roka
Elf:3:    grunt_elf_hall_branching, layout_geoelf_grid, kb_rosetta
Vaults:1: nicolae_vaults_specimen_jars, ontoclasm_vaults_idyll, v_rooms_5,
          vaults_room_grunt_arrival_ludios, v_alt_pattern_6,
          nicolae_vaults_diagonal_hallway_7, nicolae_vaults_asterisk,
          layout_vaults_omnigrid
Vaults:2: dpeg_vaults_monster_box, nicolae_vaults_rhombus_7, v_pattern_1,
          v_rooms_6, minmay_crypt_entry_nasty_monster, vaults_room_pool,
          ontoclasm_vaults_idyll, nicolae_vaults_rhombus_6, st_star,
          vaults_mumra_minichess_inversion, hangedman_vaults_nails,
          nicolae_vaults_asterisk, nicolae_vaults_shelves_hall,
          layout_vaults_big_room
Vaults:3: nicolae_vaults_network_quincunx
          [nicolae_vaults_network_quincunx_subvault,
          nicolae_vaults_network_quincunx_subvault,
          nicolae_vaults_network_quincunx_subvault,
          nicolae_vaults_network_quincunx_subvault,
          nicolae_vaults_network_quincunx_subvault],
          nicolae_vaults_network_periphery, v_misc_17,
          vaults_standard_mumra_lines, v_pattern_3, v_misc_30,
          hangedman_vaults_stagger, ontoclasm_vaults_shout,
          ontoclasm_vaults_gateway, ontoclasm_vaults_claustrophobia,
          hangedman_vaults_stretched_pinwheel, layout_vaults_omnibox,
          serial_shops, shop
Vaults:4: nicolae_vaults_three_branches, nicolae_vaults_big_ls, v_misc_22,
          vaults_dpeg_encased_lava, v_pattern_4, v_rooms_4, v_rooms_1,
          nicolae_vaults_border_crossing, st_smaller_cells, vaults_room_pool,
          v_misc_22, vaults_room_semicircle, nicolae_vaults_rhombus_7,
          grunt_vaults_hallway_long, layout_vaults_maze_bifur
Vaults:5: serial_shops, uniq_jory
Crypt:1:  layout_regular_city, uniq_margery
Crypt:2:  lemuel_minitomb, layout_gridlike
Crypt:3:  evilmike_haunted_forest
Depths:1: layout_basic, abyss_entry_flame_altar, serial_sigils_hangedman_carve,
          serial_shops, shop, hell_entry, grunt_decor_mini_mirrors,
          minmay_misc_feat_iff, kennysheep_treasure_room
Depths:2: minmay_the_grid_triangle_9x9_rhombus_thin
          [minmay_the_grid_triangle_9x9_windchime,
          minmay_the_grid_triangle_9x9_prize_center,
          minmay_the_grid_triangle_9x9_dagger,
          minmay_the_grid_triangle_9x9_tough_junction], layout_cross,
          enter_ziggurat_e, grunt_hell_entry_dis_old, abyss_entry,
          enter_trove_5, minmay_misc_feat_x, hex_medium,
          infiniplex_staircase_spiral, uniq_sojobo
Depths:3: minmay_central_circle, layout_gridlike, serial_shops, kennysheep_mini,
          hangedman_coc_ice_floe, glass_columns_b, pan_entry,
          minmay_misc_feat_enclosed, uniq_boris
Depths:4: spriggan_forest, hell_entry, abyss_entry
Depths:5: grunt_zot_entry_gee_three, layout_basic,
          ploomutoo_gammafunk_ghost_potion_laboratory, hell_entry,
          amcnicky_mini_rare_corridor_liquid, grunt_pan_entry_zigzag
Zot:1:    layout_misc_corridors
Zot:2:    layout_misc_corridors, hangedman_snap_crack_crunch
Zot:3:    lemuel_draconian_sentries_small, layout_gridlike, grunt_megastairs_5
Zot:4:    layout_misc_corridors, ebering_ghost_rock_garden
Zot:5:    layout_twisted_circle

Skill      XL: |  1  2  3  4  5  6  7  8  9 10 11 12 13 14 15 16 17 18 19 20 21 22 23 24 25 26 27 |
---------------+----------------------------------------------------------------------------------+-----
Axes           | 4 5 6 7 10 13 14 18 20 | 20.4
Fighting       | 2 3 5 9 10 13 15 16 19 20 22 27 | 27.0
Throwing       | 2 |  2.0
Dodging        | 4 6 10 13 15 18 20 | 20.0
Evocations     | 3 5 10 13 15 20 25 | 25.0
Armour         | 2 6 10 12 15 20 | 20.0
Invocations    | 6 10 14 15 | 15.0
Shields        | 6 7 15 20 24 25 | 25.0

Action                   |  1- 3 |  4- 6 |  7- 9 | 10-12 | 13-15 | 16-18 | 19-21 | 22-24 | 25-27 || total
-------------------------+-------+-------+-------+-------+-------+-------+-------+-------+-------++-------
Melee: War axe           |    92 |   197 |   288 |       |       |       |       |       |     6 ||   583
       Long sword        |       |       |    10 |       |       |       |       |       |       ||    10
       Unarmed           |       |       |     3 |       |       |       |       |       |       ||     3
       Battleaxe         |       |       |    45 |   403 |   448 |       |       |       |       ||   896
       Broad axe         |       |       |       |       |    36 |  1514 |  1821 |  1621 |  2670 ||  7662
       Bite              |       |       |       |       |       |       |       |       |    16 ||    16
Throw: Stone             |    43 |    48 |    31 |    54 |     1 |    34 |       |       |       ||   211
       Dart              |       |       |    50 |    82 |       |       |       |       |       ||   132
       Throwing net      |       |       |     2 |       |       |       |       |     1 |       ||     3
       Javelin           |       |       |       |     9 |     1 |     2 |       |       |       ||    12
       Boomerang         |       |       |       |    19 |     2 |     8 |       |       |    36 ||    65
Invok: Minor Destruction |       |       |     1 |    38 |   125 |    64 |    38 |     6 |       ||   272
       Lesser Servant of |       |       |       |     1 |     3 |    13 |     1 |       |       ||    18
       Greater Servant o |       |       |       |       |       |     1 |       |       |     3 ||     4
 Abil: Heal Wounds       |       |     2 |    11 |     3 |     4 |    13 |       |       |       ||    33
Evoke: Wand              |       |       |     2 |     3 |     8 |    28 |     2 |    11 |    11 ||    65
       Condenser vane    |       |       |       |     1 |     2 |     2 |     4 |     3 |     5 ||    17
       Tin of tremorston |       |       |       |     1 |       |     2 |     1 |       |     2 ||     6
       Box of beasts     |       |       |       |       |       |       |     2 |     1 |     2 ||     5
       Phial of floods   |       |       |       |       |       |       |       |     2 |     1 ||     3
  Use: Scroll            |       |       |    10 |     6 |    16 |    14 |    14 |     7 |    20 ||    87
       Potion            |       |       |     1 |       |     1 |     4 |     1 |     3 |    13 ||    23
 Stab: Sleeping          |     1 |       |     1 |     1 |     1 |     1 |     2 |       |       ||     7
       Held in net/web   |       |       |     2 |       |       |       |       |       |       ||     2
       Distracted        |       |       |       |     3 |     7 |    27 |    38 |    21 |    62 ||   158
       Paralysed         |       |       |       |       |       |    13 |     4 |       |       ||    17
       Invisible         |       |       |       |       |       |       |     5 |       |       ||     5
Armor: Leather armour    |    19 |     7 |       |       |     4 |   318 |   105 |       |       ||   453
       Chain mail        |       |    97 |   137 |       |       |       |       |       |       ||   234
       Skin              |       |       |     3 |       |       |       |       |       |    21 ||    24
       Steam dragon scal |       |       |     8 |    78 |   156 |       |       |       |       ||   242
       Scale mail        |       |       |       |       |       |       |   104 |    99 |       ||   203
       Plate armour      |       |       |       |       |       |       |       |   226 |    39 ||   265
       Acid dragon scale |       |       |       |       |       |       |       |       |   142 ||   142
       Gold dragon scale |       |       |       |       |       |       |       |       |   378 ||   378
Dodge: Dodged            |    76 |    84 |   163 |   236 |   519 |   745 |   646 |   535 |   840 ||  3844
Block: Kite shield       |       |       |       |       |    27 |  1309 |  1135 |  1115 |   161 ||  3747
       Reflection        |       |       |       |       |     1 |   109 |   119 |    42 |    62 ||   333
       Tower shield      |       |       |       |       |       |       |       |       |  2493 ||  2493
       Rpst.: Long sword |       |       |     2 |       |       |       |       |       |       ||     2
